 Dungeon Crawl Stone Soup version 0.28.0 (webtiles) character file.

Game seed: 8770267775218115537

2 pericles the Sneak (level 1, 9/9 HPs)
             Began as a Spriggan Earth Elementalist on Feb 20, 2022.
             Quit the game on level 1 of the Dungeon.
             The game lasted 00:02:04 (45 turns).

pericles the Sneak (Spriggan Earth Elementalist)      Turns: 45, Time: 00:02:05

Health: 9/9        AC:  2    Str:  4    XL:     1   Next: 33%
Magic:  3/5        EV: 17    Int: 16    God:
Gold:   0          SH:  0    Dex: 15    Spells: 4/5 levels left

rFire   . . .      SeeInvis +   e - +0 club
rCold   . . .      Faith    .   (no shield)
rNeg    . . .      Spirit   .   b - +0 robe
rPois   .          Reflect  .   (helmet restricted)
rElec   .          Harm     .   (no cloak)
rCorr   .          Rampage  .   (gloves unavailable)
Will    .....                   (boots unavailable)
Stlth   ++........              (no amulet)
HPRegen 0.03/turn               (no ring)
MPRegen 0.09/turn               (no ring)

@: very quick
A: very small, no large weapons, unfitting armour, see invisible, speed 3
a: no special abilities


You were on level 1 of the Dungeon.
You visited 1 branch of the dungeon, and saw 1 of its levels.

Inventory:

Hand Weapons
 e - a +0 club (weapon)
 f - a +0 dagger
Missiles
 c - 27 stones
 d - 18 sling bullets
Armour
 b - a +0 robe (worn)
Scrolls
 a - a scroll of identify {unknown}


   Skills:
 + Level 2.6 Dodging
 + Level 3.2 Stealth
 + Level 2.6 Spellcasting
 + Level 1.3 Transmutations
 + Level 2.8 Earth Magic


You had 4 spell levels left.
You knew the following spells:

 Your Spells              Type           Power      Damage    Failure   Level
a - Sandblast             Erth           22%        2d7       6%          1

Your spell library contained the following spells:

 Spells                   Type           Power      Damage    Failure   Level
 Passwall                 Tmut/Erth      6%         N/A       12%         2
 Stone Arrow              Conj/Erth      12%        3d7       32%         3
 Petrify                  Tmut/Erth      8%         N/A       63%         4


Dungeon Overview and Level Annotations

Branches:
Dungeon (1/15)

Altars:


Innate Abilities, Weirdness & Mutations

You are very small and have problems with some larger weapons.
You are too small for most types of armour.
You have supernaturally acute eyesight. (SInv)
You cover ground extremely quickly. (Speed+++)


Message History

A goblin comes into view. It is wielding a +0 club.
Casting: Sandblast (safe; 6% risk of failure)
Confirm with . or Enter, or press ? or * to list all spells.
You can't see any susceptible monsters within range! (Use Z to cast anyway.)
Casting: Sandblast (safe; 6% risk of failure)
Confirm with . or Enter, or press ? or * to list all spells.
Aiming: Sandblast (safe; 6% risk of failure)
Press: ? - help, Shift-Dir - straight line, f - goblin
Aim: a goblin, wielding a +0 club (asleep, 100% to hit)
The blast of sand hits the goblin.
You kill the goblin!
Things that are here:
a +0 club; a goblin corpse
e - a +0 club
e - a +0 club (weapon)
Magic restored.
A goblin comes into view. It is wielding a +0 dagger.
Casting: Sandblast (safe; 6% risk of failure)
Confirm with . or Enter, or press ? or * to list all spells.
You can't see any susceptible monsters within range! (Use Z to cast anyway.)
The goblin shouts!
Casting: Sandblast (safe; 6% risk of failure)
Confirm with . or Enter, or press ? or * to list all spells.
Aiming: Sandblast (safe; 6% risk of failure)
Press: ? - help, Shift-Dir - straight line, f - goblin
Aim: a goblin, wielding a +0 dagger (74% to hit)
The blast of sand misses the goblin.
Casting: Sandblast (safe; 6% risk of failure)
Confirm with . or Enter, or press ? or * to list all spells.
Aiming: Sandblast (safe; 6% risk of failure)
Press: ? - help, Shift-Dir - straight line, f/p - goblin
Aim: a goblin, wielding a +0 dagger (74% to hit)
The blast of sand hits the goblin.
The goblin is severely wounded.
You hit the goblin.
You kill the goblin!
You see here a +0 dagger.
f - a +0 dagger Unknown command.
Are you sure you want to abandon this character and quit the game? (Confirm with "yes".)

### #.. #.# ..#####.#
.......@# ..#####.#
##.#.### #†###..
######..#.###
..........###########
.########............
#####.####### #.#


There were no monsters in sight!

Vanquished Creatures
  2 goblins (D:1)
2 creatures vanquished.

Notes
Turn   | Place    | Note
-------+----------+-------------------------------------------
     0 | D:1      | pericles the Spriggan Earth Elementalist began the quest
                  | for the Orb.
     0 | D:1      | Reached XP level 1. HP: 9/9 MP: 5/5
    45 | D:1      | Quit the game

Illustrated notes

Levels and vault maps discovered:
D:1:      nicolae_arrival_memento_mori, layout_loops_ring,
          hellmonk_ecumenical_altar_slurped_away, serial_shops,
          nicolae_shop_advertising_works [nicolae_subvault_shop_adworks],
          minivault_5

Action                   || total
-------------------------++-------
Melee: Club              ||     1
 Cast: Sandblast         ||     3
